AoeStats
← Guitencule

Black Forest

509364601Analyzed
3v3 RM · 7d ago on Sep 26, 2026· 20m 58s· 6 players
Game mode
Random Map
Map size
Normal (6 player)
Population
200
Speed
Normal
Resources
Standard
Victory
Conquest
Starting age
Dark Age
Ending age
Imperial Age
RankedLock teamsTeams togetherTeam positionsShared explorationLock speedFull tech treeHidden civsTurbo modeCheats
Victory
Defeat
🇫🇷 Japanese · France
796
+12
🇫🇷 Britons · France
772
+13
🇨🇿 Mongols · Czechia
755
+14
🇨🇱 Burgundians · Chile
727
-14
🇨🇴 Spanish · Colombia
717
-13
🇩🇰 Hindustanis · Denmark
683
-12
jorshy04
0:30 Loom
14:02 Feudal Age
18:05 Scale Barding Armor
18:05 Padded Archer Armor
18:16 Scale Mail Armor
18:40 Horse Collar
20:17 Wheelbarrow
Singlodo
0:37 Loom
6:16 Double-Bit Axe
12:00 Wheelbarrow
13:18 Horse Collar
16:11 Feudal Age
17:11 Gold Mining
17:14 Stone Mining
17:41 Fishing Lines
Zatanas6800
0:38 Loom
11:38 Feudal Age
12:06 Double-Bit Axe
12:06 Horse Collar
19:00 Castle Age
18:45 Wheelbarrow
17:58 Town Watch
20:00 Bow Saw
19:57 Heavy Plow
Alexaumax
0:33 Loom
13:16 Feudal Age
15:44 Wheelbarrow
15:44 Horse Collar
15:52 Double-Bit Axe
18:25 Padded Archer Armor
18:34 Gold Mining
21:07 Fletching
Guitencule
0:28 Loom
14:35 Feudal Age
16:34 Man-at-Arms
17:01 Arson
17:25 Horse Collar
18:40 Double-Bit Axe
CaukyMnauky
11:01 Feudal Age
11:26 Horse Collar
11:35 Double-Bit Axe
18:54 Castle Age
17:12 Stone Mining
17:34 Gold Mining
21:01 Bow Saw
20:57 Heavy Plow
21:40 Stone Shaft Mining
Connection lost

Rejoining the realm…

Still unreachable

The connection could not be restored.

Session expired

The server has moved on; the page needs a fresh start.